 Dungeon Crawl Stone Soup version 0.21.1-1-g345015fe64 (webtiles) character file.

27 Nautrax the Conjurer (level 2, -1/20 HPs)
             Began as a Draconian Conjurer on June 11, 2018.
             Slain by a hound (3 damage)
             ... on level 2 of the Dungeon.
             The game lasted 00:17:27 (1643 turns).

Nautrax the Conjurer (Draconian Conjurer)           Turns: 1643, Time: 00:17:27

Health: -1/20      AC:  6    Str: 10    XL:     2   Next: 93%
Magic:  1/5        EV: 12    Int: 15    God:
Gold:   48         SH:  0    Dex: 13    Spells: 2/5 levels left

rFire    . . .     SeeInvis .   k - +0 spear
rCold    . . .     Gourm    .   (no shield)
rNeg     . . .     Faith    .   (armour unavailable)
rPois    .         Spirit   .   p - +2 hat
rElec    .         Reflect  .   (no cloak)
rCorr    .         Harm     .   (no gloves)
MR       .....                  (no boots)
Stlth    ++........             (no amulet)
HPRegen  0.06/turn              n - +2 ring of dexterity
MPRegen  0.09/turn              (no ring)

@: very slightly contaminated
A: unfitting armour, cold-blooded, AC +4
a: no special abilities


You were on level 2 of the Dungeon.
You were not hungry.

You visited 1 branch of the dungeon, and saw 2 of its levels.

You collected 48 gold pieces.

Inventory:

Hand Weapons
 d - a +0 whip
 e - a +0 dagger
 g - a +0 club
 j - a +0 club
 k - a +0 spear (weapon)
 l - a +0 spear
 m - a +0 dagger
 o - a +0 hand axe
 q - a +0 rapier
 r - a +0 short sword
 s - a +0 club
Armour
 c - a +0 robe
 f - a cursed +0 leather armour
 i - a +0 ring mail
 p - a +2 hat (worn)
 t - a +0 leather armour
Jewellery
 n - a +2 ring of dexterity (left hand)
Scrolls
 u - 2 scrolls of identify
Books
 a - a book of Conjurations

   Spells                             Type                      Level
   a - Magic Dart                     Conjuration                  1
   b - Searing Ray                    Conjuration                  2
   c - Dazzling Spray                 Conjuration/Hexes            3
   d - Fulminant Prism                Conjuration/Hexes            4
   e - Force Lance                    Conjuration/Translocation    4
   f - Iskenderun's Mystic Blast      Conjuration                  4
Comestibles
 b - 5 rations
 h - 2 chunks of flesh


   Skills:
 + Level 0.1 Maces & Flails
 + Level 1.9 Dodging
 + Level 2.0 Stealth
 + Level 2.2 Spellcasting
 + Level 4.6 Conjurations


You had 2 spell levels left.
You knew the following spells:

 Your Spells              Type           Power        Failure   Level  Hunger
a - Magic Dart            Conj           ###.         3%          1    #......
b - Searing Ray           Conj           ###...       4%          2    ###....


Dungeon Overview and Level Annotations

Branches:
Dungeon (2/15)

Altars:
Makhleb


Innate Abilities, Weirdness & Mutations

Your plain brown scales are hard. (AC +4)
You cannot fit into any form of body armour.
You are cold-blooded and may be slowed by cold attacks.


Message History

You hit the hound but do no damage.
The hound is heavily wounded.
The hound bites you but does no damage. The hound bites you.
* * * LOW HITPOINT WARNING * * *
The hound bites you but does no damage. The hound bites you.
* * * LOW HITPOINT WARNING * * *
You aren't carrying any potions.
You barely miss the hound.
The hound is moderately wounded.
The hound bites you but does no damage.
You hit the hound.
The hound is severely wounded.
The hound closely misses you. The hound bites you but does no damage.
You hit the hound.
The hound is almost dead.
The hound closely misses you. The hound barely misses you.
You closely miss the hound.
The hound is almost dead.
The hound bites you.
You die...

......#.##
##.#####
##.####.#
##.......
#.####.##
###.###.###
.........##
##...# #...#
##........#
_.###.###.#.#
#.##.....##
..# #....##.#
# #......#
..# #.#.###.#
##..#..###.#
#.#.###.#
##.##.@#..#
#.#......
#####.h.#
#..#.####
##.##
#.....รท..
### #.....###
#.....#
#.....#
##...## ##.##
#.#


You could see a hound.

Vanquished Creatures
  An adder (D:2)
  A ball python (D:1)
  A giant cockroach (D:1)
  A goblin (D:1)
  4 hobgoblins
  3 bats
  3 kobolds
  4 rats
18 creatures vanquished.

Notes
Turn   | Place    | Note
-------+----------+-------------------------------------------
     0 | D:1      | Nautrax the Draconian Conjurer began the quest for the Orb.
     0 | D:1      | Reached XP level 1. HP: 14/14 MP: 3/3
   691 | D:1      | Reached XP level 2. HP: 20/20 MP: 1/5
   992 | D:1      | Learned a level 2 spell: Searing Ray
  1625 | D:2      | Found a burning altar of Makhleb.
  1639 | D:2      | HP: 1/20 [hound (4)]
  1643 | D:2      | Slain by a hound

Skill      XL: |  1  2 |
---------------+-------+-----
Stealth        | 2 |  2.0
Maces & Flails | |  0.1
Dodging        | |  1.9
Spellcasting   | |  2.2
Conjurations   | |  4.6

Action                   || total
-------------------------++-------
Melee: Whip              ||     8
       Club              ||     1
       Spear             ||    16
 Cast: Magic Dart        ||    32
       Searing Ray       ||     3
  Use: Potion            ||     1
       Scroll            ||     2
  Eat: Chunk             ||     3
Armor: Skin              ||    11
Dodge: Dodged            ||    30
